 Dungeon Crawl Stone Soup version 0.24-a0-715-g0b739ee41d (webtiles) character file.

Game seed: 8085558934438196240, levelgen mode: deterministic

381 Analysis the Shooter (level 6, 0/52 HPs)
             Began as a Centaur Hunter on Sept 30, 2019.
             Killed by divine providence
             ... invoked by an orc priest
              (11 damage)
             ... on level 4 of the Dungeon.
             The game lasted 00:27:44 (4149 turns).

Analysis the Shooter (Centaur Hunter)               Turns: 4149, Time: 00:27:45

Health: 0/52       AC:  8    Str: 16    XL:     6   Next: 46%
Magic:  6/6        EV:  9    Int: 10    God:
Gold:   142        SH:  0    Dex: 10    Spells: 5/5 levels left

rFire    . . .     SeeInvis .   a - +1 shortbow
rCold    + . .     Gourm    .   (shield currently unavailable)
rNeg     . . .     Faith    .   k - +0 ring mail
rPois    +         Spirit   .   (no helmet)
rElec    .         Reflect  .   (no cloak)
rCorr    .         Harm     .   l - +1 pair of gloves
MR       .....                  (no barding)
Stlth    ..........             (no amulet)
HPRegen  0.17/turn              i - ring of poison resistance
MPRegen  0.10/turn              m - ring of protection from cold

@: very quick
A: large, hooves 3, deformed body, speed 2, tough skin 3
a: no special abilities


You were on level 4 of the Dungeon.
You were not hungry.

You visited 1 branch of the dungeon, and saw 4 of its levels.

You collected 142 gold pieces.

Inventory:

Hand Weapons
 a - a +1 shortbow (weapon)
 c - a +0 short sword of protection
Missiles
 d - 47 arrows (quivered)
Armour
 k - a +0 ring mail (worn)
 l - a +1 pair of gloves (worn)
 u - a +2 leather armour of poison resistance
Jewellery
 i - a ring of poison resistance (left hand)
 m - a ring of protection from cold (right hand)
 r - an uncursed ring of flight
 t - an uncursed amulet of harm {unknown}
 v - an uncursed amulet of harm {unknown}
 y - a cursed amulet of inaccuracy {unknown}
Wands
 x - a wand of iceblast (13)
 B - a wand of flame (1)
Scrolls
 b - a scroll of random uselessness {unknown}
 g - a scroll of enchant weapon {unknown}
 n - 3 scrolls of remove curse {unknown}
 o - 2 scrolls of enchant armour {unknown}
 p - a scroll of teleportation {unknown}
 q - a scroll of fog {unknown}
 s - a scroll of magic mapping {unknown}
 z - a scroll of identify
Potions
 e - a potion of mutation
 h - a potion of heal wounds
 j - a potion of agility
 w - a potion of might
 A - a potion of berserk rage
Comestibles
 f - 4 rations
 C - 3 chunks of flesh


   Skills:
 + Level 3.8 Fighting
 + Level 6.9 Bows
 + Level 2.2 Armour
 + Level 2.8 Dodging
 - Level 0.4 Stealth


You had 5 spell levels left.
You didn't know any spells.
Your spell library was empty.

Dungeon Overview and Level Annotations

Branches:
Dungeon (4/15)
 Temple: D:4-7

Altars:
Hepliaklqana
Makhleb
Vehumet


Innate Abilities, Weirdness & Mutations

You have hooves in place of feet.
Armour fits poorly on your strangely shaped body.
You cover ground very quickly.
You have extremely tough skin. (AC +3)


Message History

The orc priest is almost dead.
The orc priest calls down the wrath of Beogh upon you.
Pain shoots through your body!
The orc priest invokes the aid of Beogh against you.
Beogh smites you!
Firing (i - inventory)
d - 49 arrows (quivered)
Press: ? - help, Shift-Dir - straight line, f/p - orc priest
Aim: an orc priest, wielding a +0 falchion and wearing a +0 leather armour (almost dead)
You shoot an arrow.
The arrow closely misses the orc priest.
The orc priest calls down the wrath of Beogh upon you.
Beogh smites you!
* * * LOW HITPOINT WARNING * * *
Firing (i - inventory)
d - 48 arrows (quivered)
Press: ? - help, Shift-Dir - straight line, f/p - orc priest
Aim: an orc priest, wielding a +0 falchion and wearing a +0 leather armour (almost dead)
You shoot an arrow. The arrow barely misses the orc priest.
The orc priest mumbles some strange prayers to Beogh against you.
Beogh smites you!
You die...

#(>(. #..##.......###.....## #
...(. #..###.....###.......###
....) #..# ##...............##
....( #..## ##...............#
....( #...###.................
#.... ##.......................
#..(####........................
#..(...........................
#..##.(...o....@................
... ####o...######.........##...
.. ##..## ......... ###. . ##..#
.##.. .. ## ##.# # .# .. ...


You could see an orc priest and an orc.

Vanquished Creatures
  Blork the orc (D:4)
  A crimson imp (D:3)
  2 orc wizards
  3 worker ants
  7 gnolls
  An adder (D:3)
  An ooze (D:2)
  A worm (D:2)
  3 dart slugs (D:1)
  4 leopard geckos
  3 orcs (D:4)
  5 goblins
  9 hobgoblins
  8 jackals
  2 quokkas
  A ball python (D:1)
  6 bats
  2 frilled lizards (D:2)
  9 kobolds
  5 rats
74 creatures vanquished.

Notes
Turn   | Place    | Note
-------+----------+-------------------------------------------
     0 | D:1      | Analysis the Centaur Hunter began the quest for the Orb.
     0 | D:1      | Reached XP level 1. HP: 17/17 MP: 1/1
    67 | D:1      | You fall into a shaft and drop 1 floor!
   169 | D:2      | Reached XP level 2. HP: 14/24 MP: 2/2
   840 | D:1      | Reached XP level 3. HP: 26/30 MP: 3/3
  1471 | D:2      | Reached skill level 1 in Armour
  1705 | D:2      | Reached XP level 4. HP: 29/37 MP: 4/4
  1788 | D:2      | Reached skill level 6 in Bows
  2558 | D:3      | Found a hazy altar of Hepliaklqana.
  2829 | D:3      | Found a radiant altar of Vehumet.
  2832 | D:3      | Found a burning altar of Makhleb.
  2843 | D:3      | Reached XP level 5. HP: 40/45 MP: 5/5
  3291 | D:4      | Noticed Blork the orc
  3295 | D:4      | Killed Blork the orc
  3429 | D:3      | Reached XP level 6. HP: 44/51 MP: 6/6
  4149 | D:4      | Killed from afar by an orc priest

Levels and vault maps discovered:
D:1:      evilmike_arrival_rings, layout_loops_ring
D:2:      layout_basic, minmay_cupped
D:3:      layout_basic, grunt_temple_overflow_lords_of_destruction,
          old_standard_altar
D:4:      layout_layer_cave, kennysheep_mini_moat, uniq_blork_the_orc

Skill      XL: |  1  2  3  4  5 |
---------------+----------------+-----
Armour         | 1 2 |  2.2
Dodging        | 2 |  2.8
Bows           | 6 |  6.9
Fighting       | 3 |  3.8
Stealth        | |  0.4

Action                   |  1- 3 |  4- 6 || total
-------------------------+-------+-------++-------
Melee: Short sword       |   136 |   147 ||   283
       Kick              |    28 |    38 ||    66
 Fire: Shortbow          |       |    12 ||    12
Evoke: Wand              |       |    13 ||    13
  Use: Scroll            |       |     5 ||     5
  Eat: Chunk             |     2 |     3 ||     5
       Ration            |       |     1 ||     1
Armor: Leather armour    |    19 |       ||    19
       Ring mail         |    45 |    86 ||   131
Dodge: Dodged            |    56 |    65 ||   121

Table legend:
 A = Non-vault XP
 B = Vault XP
 C = Vault XP percentage of total XP
 D = Non-vault monster count
 E = Vault monster count
 F = Vault count percentage of total count
                 A         B        C        D         E       F
            +---------+---------+-------+---------+---------+-------
      Total |     399 |     146 |  26.8 |      69 |       5 |   6.8
            +---------+---------+-------+---------+---------+-------
        D:1 |      39 |       0 |   0.0 |      19 |       0 |   0.0
        D:2 |      82 |       5 |   5.7 |      23 |       3 |  11.5
        D:3 |     139 |      50 |  26.5 |      17 |       1 |   5.6
        D:4 |     139 |      91 |  39.6 |      10 |       1 |   9.1
            +---------+---------+-------+---------+---------+-------
